General information
- name: BNet
- type: Ladder team game (AT/RT)
- host: Battle.net
- saver: Birdeneering
map: Monsoon
- players: 6
- length: 47:36
- speed: Fast
- version: 1.26 W3XP
- replay type:

» download(481 KB)
Players
team 1 (loser)
4ech (
teal | 134 APM | 6386 actions | 47:33)
6 Death Knight
3 Death Coil
3 Unholy Aura
6 Lich
3 Frost Nova
2 Frost Armor
1 Death and Decay
» actions
| Assign group hotkey | 40 | |
| Basic commands | 75 | |
| Build / train | 76 | |
| ESC pressed | 7 | |
| Enter build submenu | 31 | |
| Enter hero's abilities submenu | 13 | |
| Give item / drop item | 3 | |
| Right click | 2581 | |
| Select / deselect | 711 | |
| Select group hotkey | 2692 | |
| Use ability | 157 | |
6386 total
» units
| Acolyte | 8 | |
| Ghoul | 3 | |
| Crypt Fiend | 13 | |
| Obsidian Statue | 4 | |
| Frost Wyrm | 6 | |
34 total
» upgrades
| Burrow | 1 | |
| Creature Attack | 2 | |
| Freezing Breath | 1 | |
| Creature Carapace | 1 | |
5 total
» buildings
| Crypt | 1 | |
| Graveyard | 1 | |
| Altar of Darkness | 1 | |
| Ziggurat | 15 | |
| Tomb of Relics | 1 | |
| Nerubian Tower | 5 | |
| Halls of the Dead | 1 | |
| Black Citadel | 1 | |
| Slaughterhouse | 1 | |
| Sacrificial Pit | 1 | |
| Boneyard | 2 | |
| Spirit Tower | 4 | |
34 total
» build order
00:08 Crypt
00:12 Graveyard
00:29 Altar of Darkness
00:48 Ziggurat
01:23 Tomb of Relics
01:50 Ziggurat
02:00 Nerubian Tower
02:00 Nerubian Tower
02:00 Nerubian Tower
03:53 Ziggurat
05:20 Halls of the Dead
05:25 Ziggurat
08:33 Black Citadel
08:38 Slaughterhouse
11:13 Sacrificial Pit
11:16 Ziggurat
11:30 Ziggurat
12:21 Boneyard
12:23 Boneyard
16:12 Spirit Tower
19:06 Spirit Tower
22:00 Ziggurat
22:06 Ziggurat
22:34 Ziggurat
24:15 Spirit Tower
24:18 Ziggurat
32:28 Ziggurat
32:28 Ziggurat
32:29 Ziggurat
32:32 Ziggurat
33:39 Ziggurat
34:54 Spirit Tower
34:58 Nerubian Tower
» items
| Rod of Necromancy | 2 | |
| Dust of Appearance | 6 | |
| Orb of Corruption | 2 | |
| Scroll of Town Portal | 1 | |
| Sacrificial Skull | 1 | |
12 total
Avatar_th3 (
purple | 188 APM | 8876 actions | 47:18)
6 Death Knight
3 Death Coil
2 Unholy Aura
1 Animate Dead
5 Lich
3 Frost Nova
2 Dark Ritual
4 Dark Ranger
2 Silence
2 Black Arrow
» actions
| Assign group hotkey | 248 | |
| Basic commands | 149 | |
| Build / train | 119 | |
| ESC pressed | 9 | |
| Enter build submenu | 37 | |
| Enter hero's abilities submenu | 15 | |
| Give item / drop item | 2 | |
| Right click | 3588 | |
| Select / deselect | 754 | |
| Select group hotkey | 3714 | |
| Use ability | 241 | |
8876 total
» units
| Acolyte | 19 | |
| Ghoul | 8 | |
| Crypt Fiend | 11 | |
| Obsidian Statue | 2 | |
| Frost Wyrm | 4 | |
| Meatwagon | 7 | |
51 total
» upgrades
| Creature Attack | 3 | |
| Creature Carapace | 3 | |
| Burrow | 1 | |
| Web | 1 | |
| Freezing Breath | 2 | |
| Unholy Strength | 1 | |
| Destroyer Form | 1 | |
12 total
» buildings
| Crypt | 1 | |
| Graveyard | 3 | |
| Altar of Darkness | 1 | |
| Ziggurat | 16 | |
| Tomb of Relics | 2 | |
| Nerubian Tower | 2 | |
| Halls of the Dead | 4 | |
| Necropolis | 3 | |
| Spirit Tower | 9 | |
| Sacrificial Pit | 1 | |
| Slaughterhouse | 2 | |
| Black Citadel | 2 | |
| Boneyard | 2 | |
48 total
» build order
00:10 Crypt
00:12 Graveyard
00:38 Altar of Darkness
00:47 Ziggurat
01:05 Tomb of Relics
01:53 Ziggurat
03:42 Nerubian Tower
04:13 Ziggurat
06:18 Halls of the Dead
06:18 Halls of the Dead
06:22 Necropolis
06:41 Ziggurat
07:05 Halls of the Dead
07:05 Halls of the Dead
07:35 Spirit Tower
08:34 Tomb of Relics
08:41 Ziggurat
09:35 Sacrificial Pit
10:06 Slaughterhouse
10:41 Graveyard
10:59 Slaughterhouse
12:19 Black Citadel
13:30 Ziggurat
15:10 Boneyard
15:13 Boneyard
15:33 Ziggurat
16:16 Spirit Tower
16:17 Spirit Tower
16:20 Ziggurat
17:05 Spirit Tower
17:25 Graveyard
19:05 Spirit Tower
19:07 Ziggurat
21:03 Spirit Tower
21:03 Spirit Tower
21:41 Spirit Tower
21:44 Ziggurat
22:52 Ziggurat
22:55 Ziggurat
28:28 Necropolis
30:57 Necropolis
31:26 Ziggurat
31:27 Ziggurat
31:29 Ziggurat
31:31 Ziggurat
» items
| Rod of Necromancy | 4 | |
| Potion of Healing | 1 | |
| Potion of Lesser Invulnerability | 1 | |
| Scroll of Healing | 2 | |
| Boots of Speed | 1 | |
9 total
Jameson- (
red | 159 APM | 7560 actions | 47:35)
9 Priestess of the Moon
3 Trueshot Aura
3 Searing Arrows
1 Starfall
2 Scout
» actions
| Assign group hotkey | 70 | |
| Basic commands | 83 | |
| Build / train | 132 | |
| ESC pressed | 4 | |
| Enter build submenu | 35 | |
| Enter hero's abilities submenu | 9 | |
| Give item / drop item | 2 | |
| Right click | 4030 | |
| Select / deselect | 668 | |
| Select group hotkey | 2332 | |
| Use ability | 193 | |
7560 total
» units
| Wisp | 34 | |
| Huntress | 9 | |
| Archer | 1 | |
| Chimaera | 15 | |
| Glaive Thrower | 15 | |
74 total
» upgrades
| Strength of the Moon | 3 | |
| Moon Armor | 1 | |
| Strength of the Wild | 3 | |
| Corrosive Breath | 1 | |
| Vorpal Blades | 1 | |
| Well Spring | 1 | |
| Ultravision | 1 | |
| Nature's Blessing | 1 | |
12 total
» buildings
| Altar of Elders | 1 | |
| Moon Well | 8 | |
| Hunter's Hall | 1 | |
| Ancient of War | 2 | |
| Tree of Ages | 6 | |
| Tree of Eternity | 5 | |
| Ancient of Wind | 1 | |
| Tree of Life | 6 | |
| Chimaera Roost | 5 | |
| Ancient Protector | 7 | |
42 total
» build order
00:05 Altar of Elders
00:15 Moon Well
01:37 Hunter's Hall
02:06 Moon Well
02:23 Ancient of War
02:52 Ancient of War
04:09 Moon Well
05:45 Moon Well
07:39 Tree of Ages
07:39 Tree of Ages
07:39 Tree of Ages
07:40 Tree of Ages
10:17 Tree of Eternity
10:17 Tree of Eternity
10:20 Ancient of Wind
10:34 Moon Well
10:36 Moon Well
10:39 Moon Well
10:39 Moon Well
10:53 Tree of Life
11:51 Tree of Life
12:09 Tree of Life
12:45 Chimaera Roost
12:46 Chimaera Roost
12:48 Chimaera Roost
12:56 Chimaera Roost
12:57 Chimaera Roost
16:17 Ancient Protector
16:20 Ancient Protector
16:36 Ancient Protector
17:12 Ancient Protector
17:16 Ancient Protector
19:08 Ancient Protector
19:08 Ancient Protector
28:46 Tree of Life
42:28 Tree of Ages
43:23 Tree of Life
44:43 Tree of Life
45:25 Tree of Eternity
45:25 Tree of Eternity
» items
| Potion of Lesser Invulnerability | 1 | |
| Scroll of Healing | 2 | |
| Dust of Appearance | 2 | |
| Scroll of Town Portal | 2 | |
7 total
team 2 (winner)
Birdeneering (
green | 118 APM | 5609 actions | 47:36)
9 Blademaster
3 Wind Walk
3 Critical Strike
1 Bladestorm
2 Mirror Image
» actions
| Assign group hotkey | 1018 | |
| Basic commands | 4 | |
| Build / train | 122 | |
| Enter build submenu | 68 | |
| Enter hero's abilities submenu | 9 | |
| Give item / drop item | 6 | |
| Remove unit from queue | 2 | |
| Right click | 3091 | |
| Select / deselect | 323 | |
| Select group hotkey | 649 | |
| Use ability | 316 | |
5609 total
» units
| Peon | 16 | |
| Troll Batrider | 71 | |
| Kodo Beast | 1 | |
88 total
» upgrades
| Ranged Weapons | 3 | |
| Liquid Fire | 1 | |
| Armor | 3 | |
| Reinforced Defenses | 1 | |
8 total
» buildings
| Altar of Storms | 1 | |
| Orc Burrow | 4 | |
| War Mill | 1 | |
| Voodoo Lounge | 3 | |
| Watch Tower | 62 | |
| Stronghold | 1 | |
| Fortress | 1 | |
| Beastiary | 3 | |
| Great Hall | 1 | |
77 total
» build order
00:21 Altar of Storms
00:37 Orc Burrow
00:51 War Mill
01:46 Voodoo Lounge
02:17 Watch Tower
02:55 Watch Tower
03:12 Watch Tower
03:49 Stronghold
03:53 Watch Tower
04:31 Watch Tower
04:36 Watch Tower
04:53 Watch Tower
05:29 Watch Tower
05:47 Orc Burrow
06:10 Watch Tower
06:23 Fortress
06:25 Beastiary
06:27 Beastiary
06:31 Beastiary
06:52 Watch Tower
07:55 Orc Burrow
08:55 Orc Burrow
11:02 Watch Tower
11:44 Great Hall
12:03 Watch Tower
12:04 Watch Tower
13:18 Watch Tower
15:29 Watch Tower
15:30 Watch Tower
15:42 Voodoo Lounge
16:12 Watch Tower
16:13 Watch Tower
16:14 Watch Tower
16:16 Watch Tower
17:23 Voodoo Lounge
19:55 Watch Tower
19:56 Watch Tower
20:03 Watch Tower
20:04 Watch Tower
20:38 Watch Tower
21:04 Watch Tower
21:04 Watch Tower
23:30 Watch Tower
23:31 Watch Tower
23:32 Watch Tower
23:33 Watch Tower
23:35 Watch Tower
27:13 Watch Tower
27:15 Watch Tower
27:16 Watch Tower
27:17 Watch Tower
27:18 Watch Tower
27:28 Watch Tower
27:29 Watch Tower
27:37 Watch Tower
27:38 Watch Tower
27:39 Watch Tower
27:40 Watch Tower
31:29 Watch Tower
31:30 Watch Tower
34:34 Watch Tower
34:35 Watch Tower
34:36 Watch Tower
34:36 Watch Tower
35:26 Watch Tower
37:15 Watch Tower
37:17 Watch Tower
40:20 Watch Tower
40:21 Watch Tower
40:23 Watch Tower
40:24 Watch Tower
42:02 Watch Tower
42:02 Watch Tower
42:13 Watch Tower
42:14 Watch Tower
44:13 Watch Tower
44:13 Watch Tower
» items
| Healing Salve | 4 | |
| Lesser Clarity Potion | 3 | |
| Boots of Speed | 1 | |
| Staff of Teleportation | 1 | |
| Orb of Lightning | 1 | |
| Circlet of Nobility | 1 | |
| Periapt of Vitality | 1 | |
12 total
Mata. (
yellow | 140 APM | 6664 actions | 47:36)
5 Archmage
3 Blizzard
2 Brilliance Aura
4 Mountain King
2 Storm Bolt
2 Bash
4 Paladin
2 Holy Light
2 Divine Shield
» actions
| Assign group hotkey | 462 | |
| Basic commands | 31 | |
| Build / train | 339 | |
| ESC pressed | 21 | |
| Enter build submenu | 215 | |
| Enter hero's abilities submenu | 14 | |
| Give item / drop item | 3 | |
| Right click | 3061 | |
| Select / deselect | 1386 | |
| Select group hotkey | 537 | |
| Use ability | 595 | |
6664 total
» units
» upgrades
| Masonry | 3 | |
| Magic Sentry | 1 | |
| Lumber Harvesting | 1 | |
5 total
» buildings
| Altar of Kings | 2 | |
| Lumber Mill | 2 | |
| Farm | 5 | |
| Scout Tower | 280 | |
| Arcane Tower | 9 | |
| Guard Tower | 219 | |
| Keep | 2 | |
| Town Hall | 2 | |
| Castle | 2 | |
| Arcane Sanctum | 1 | |
| Arcane Vault | 1 | |
525 total
» build order
00:04 Altar of Kings
00:36 Lumber Mill
00:39 Farm
01:33 Scout Tower
02:04 Scout Tower
02:12 Scout Tower
02:23 Arcane Tower
02:25 Scout Tower
02:34 Scout Tower
02:35 Scout Tower
02:42 Guard Tower
02:43 Scout Tower
02:53 Farm
03:01 Arcane Tower
03:02 Guard Tower
03:03 Scout Tower
03:09 Guard Tower
03:10 Guard Tower
03:10 Guard Tower
03:11 Scout Tower
03:12 Scout Tower
03:16 Guard Tower
03:16 Guard Tower
03:17 Scout Tower
03:17 Scout Tower
03:19 Scout Tower
03:41 Guard Tower
04:05 Guard Tower
04:05 Guard Tower
04:05 Guard Tower
04:05 Guard Tower
04:11 Scout Tower
04:12 Guard Tower
04:12 Guard Tower
04:13 Scout Tower
04:33 Scout Tower
04:34 Scout Tower
04:35 Scout Tower
04:42 Guard Tower
04:43 Guard Tower
04:43 Guard Tower
05:02 Guard Tower
05:02 Guard Tower
05:23 Guard Tower
05:24 Guard Tower
05:28 Scout Tower
05:29 Scout Tower
05:31 Scout Tower
05:32 Scout Tower
05:48 Scout Tower
05:49 Scout Tower
06:05 Guard Tower
06:05 Guard Tower
06:31 Scout Tower
06:32 Scout Tower
06:47 Guard Tower
06:47 Guard Tower
06:50 Scout Tower
06:51 Scout Tower
07:01 Scout Tower
07:01 Scout Tower
07:21 Guard Tower
07:21 Guard Tower
07:21 Guard Tower
07:22 Guard Tower
07:33 Guard Tower
07:33 Guard Tower
07:57 Guard Tower
07:58 Guard Tower
07:59 Scout Tower
08:00 Scout Tower
08:01 Scout Tower
08:24 Keep
08:30 Guard Tower
08:30 Guard Tower
08:32 Scout Tower
08:32 Scout Tower
08:44 Scout Tower
08:45 Scout Tower
08:49 Scout Tower
08:50 Scout Tower
08:51 Scout Tower
08:51 Scout Tower
08:54 Arcane Tower
08:59 Guard Tower
09:00 Scout Tower
09:32 Guard Tower
09:33 Guard Tower
09:39 Scout Tower
09:40 Scout Tower
10:05 Guard Tower
10:05 Guard Tower
10:06 Guard Tower
10:06 Guard Tower
10:06 Guard Tower
10:07 Guard Tower
10:22 Guard Tower
10:23 Guard Tower
10:28 Guard Tower
10:29 Guard Tower
10:38 Guard Tower
10:39 Guard Tower
10:54 Scout Tower
10:55 Scout Tower
12:01 Guard Tower
12:01 Guard Tower
12:06 Scout Tower
12:07 Scout Tower
12:08 Scout Tower
12:15 Scout Tower
12:15 Scout Tower
12:52 Guard Tower
12:53 Guard Tower
12:54 Farm
12:55 Farm
13:23 Guard Tower
13:23 Guard Tower
13:25 Guard Tower
13:25 Guard Tower
13:40 Guard Tower
13:40 Guard Tower
13:41 Guard Tower
13:46 Town Hall
13:51 Farm
14:34 Scout Tower
14:35 Scout Tower
14:35 Scout Tower
15:11 Scout Tower
15:12 Scout Tower
15:13 Scout Tower
15:17 Scout Tower
15:18 Scout Tower
15:19 Scout Tower
15:20 Scout Tower
15:43 Guard Tower
15:43 Guard Tower
15:44 Guard Tower
15:44 Guard Tower
15:58 Guard Tower
15:59 Guard Tower
15:59 Guard Tower
16:11 Castle
16:17 Scout Tower
16:17 Scout Tower
16:17 Scout Tower
16:19 Guard Tower
16:21 Scout Tower
16:22 Scout Tower
16:25 Arcane Sanctum
17:01 Scout Tower
17:02 Scout Tower
17:03 Scout Tower
17:15 Guard Tower
17:15 Guard Tower
17:16 Scout Tower
17:17 Scout Tower
17:18 Scout Tower
17:29 Scout Tower
17:30 Scout Tower
17:51 Guard Tower
17:51 Scout Tower
17:52 Scout Tower
18:17 Guard Tower
18:27 Arcane Vault
18:56 Guard Tower
18:57 Scout Tower
18:58 Scout Tower
18:58 Scout Tower
18:59 Scout Tower
19:12 Scout Tower
19:13 Scout Tower
19:13 Scout Tower
19:38 Guard Tower
19:52 Guard Tower
19:52 Guard Tower
19:55 Scout Tower
19:55 Scout Tower
20:01 Guard Tower
20:01 Guard Tower
20:05 Scout Tower
20:06 Scout Tower
20:07 Scout Tower
20:18 Scout Tower
20:18 Scout Tower
20:18 Scout Tower
20:22 Scout Tower
20:22 Scout Tower
20:23 Guard Tower
20:48 Guard Tower
20:51 Guard Tower
20:52 Guard Tower
20:52 Guard Tower
20:55 Guard Tower
20:55 Guard Tower
21:00 Scout Tower
21:00 Scout Tower
21:01 Scout Tower
21:01 Scout Tower
21:01 Scout Tower
21:02 Scout Tower
21:06 Guard Tower
21:06 Guard Tower
21:07 Guard Tower
21:10 Scout Tower
21:11 Scout Tower
21:11 Scout Tower
21:12 Scout Tower
21:15 Guard Tower
21:15 Guard Tower
21:28 Guard Tower
21:28 Guard Tower
21:52 Guard Tower
21:52 Guard Tower
22:12 Guard Tower
22:15 Scout Tower
22:15 Scout Tower
22:20 Guard Tower
22:24 Scout Tower
22:24 Scout Tower
22:25 Scout Tower
22:25 Scout Tower
22:30 Scout Tower
23:26 Scout Tower
23:26 Scout Tower
23:41 Guard Tower
23:41 Guard Tower
23:43 Scout Tower
23:44 Scout Tower
23:44 Scout Tower
23:45 Scout Tower
23:46 Scout Tower
24:21 Guard Tower
24:21 Guard Tower
24:24 Town Hall
24:37 Guard Tower
24:38 Scout Tower
24:38 Scout Tower
24:39 Scout Tower
24:40 Guard Tower
25:09 Guard Tower
25:53 Scout Tower
25:54 Scout Tower
26:14 Scout Tower
26:14 Scout Tower
27:05 Scout Tower
27:05 Scout Tower
27:05 Scout Tower
27:06 Scout Tower
27:09 Guard Tower
27:09 Guard Tower
27:13 Scout Tower
27:13 Scout Tower
27:15 Scout Tower
27:42 Guard Tower
27:42 Guard Tower
27:43 Scout Tower
27:44 Scout Tower
27:49 Guard Tower
27:50 Scout Tower
27:50 Scout Tower
28:08 Guard Tower
28:41 Scout Tower
28:53 Scout Tower
28:57 Guard Tower
28:57 Scout Tower
28:58 Scout Tower
28:58 Scout Tower
28:59 Scout Tower
29:12 Scout Tower
29:13 Scout Tower
29:25 Guard Tower
29:26 Scout Tower
29:27 Scout Tower
29:27 Scout Tower
29:28 Scout Tower
29:29 Scout Tower
29:34 Guard Tower
29:35 Scout Tower
29:38 Scout Tower
29:38 Scout Tower
29:53 Guard Tower
29:54 Guard Tower
30:05 Guard Tower
30:06 Guard Tower
30:06 Scout Tower
30:07 Scout Tower
30:08 Scout Tower
30:08 Scout Tower
30:16 Guard Tower
30:16 Guard Tower
30:17 Scout Tower
30:18 Scout Tower
30:37 Guard Tower
30:38 Scout Tower
30:39 Scout Tower
30:39 Scout Tower
30:40 Scout Tower
30:53 Scout Tower
30:54 Scout Tower
30:54 Scout Tower
30:55 Scout Tower
31:06 Scout Tower
31:06 Scout Tower
31:07 Guard Tower
31:07 Guard Tower
32:01 Guard Tower
32:01 Guard Tower
32:05 Scout Tower
32:05 Scout Tower
32:29 Scout Tower
32:30 Scout Tower
32:37 Scout Tower
32:37 Scout Tower
32:53 Guard Tower
32:53 Guard Tower
33:16 Guard Tower
33:18 Scout Tower
33:18 Scout Tower
33:19 Scout Tower
33:39 Scout Tower
33:39 Scout Tower
33:40 Scout Tower
33:41 Scout Tower
33:52 Scout Tower
33:53 Scout Tower
33:56 Scout Tower
33:57 Scout Tower
33:58 Scout Tower
34:01 Scout Tower
34:02 Scout Tower
34:27 Scout Tower
34:30 Guard Tower
34:31 Scout Tower
34:32 Scout Tower
34:32 Scout Tower
34:32 Scout Tower
34:33 Scout Tower
34:34 Scout Tower
34:34 Scout Tower
34:42 Scout Tower
34:43 Scout Tower
34:44 Scout Tower
35:16 Guard Tower
35:16 Guard Tower
35:17 Scout Tower
35:43 Guard Tower
35:43 Guard Tower
35:44 Scout Tower
35:45 Scout Tower
35:46 Scout Tower
36:14 Guard Tower
36:15 Guard Tower
36:16 Scout Tower
37:07 Scout Tower
37:08 Scout Tower
37:09 Scout Tower
37:10 Scout Tower
37:10 Scout Tower
37:38 Guard Tower
37:41 Scout Tower
37:42 Scout Tower
37:42 Scout Tower
37:43 Scout Tower
37:43 Scout Tower
37:45 Guard Tower
37:45 Guard Tower
37:46 Guard Tower
38:00 Scout Tower
38:01 Scout Tower
38:51 Scout Tower
38:52 Scout Tower
38:58 Guard Tower
38:58 Guard Tower
39:13 Scout Tower
39:14 Scout Tower
39:14 Scout Tower
39:39 Guard Tower
39:40 Guard Tower
39:46 Scout Tower
39:47 Scout Tower
39:48 Scout Tower
39:48 Scout Tower
39:49 Scout Tower
39:55 Scout Tower
39:55 Scout Tower
40:05 Scout Tower
40:05 Scout Tower
40:08 Guard Tower
40:08 Guard Tower
40:08 Guard Tower
40:23 Scout Tower
40:24 Scout Tower
40:24 Scout Tower
40:25 Scout Tower
40:28 Guard Tower
40:28 Guard Tower
40:30 Scout Tower
40:30 Scout Tower
40:36 Guard Tower
40:37 Guard Tower
41:01 Scout Tower
41:07 Altar of Kings
41:09 Scout Tower
41:09 Scout Tower
41:09 Scout Tower
41:10 Guard Tower
41:10 Guard Tower
41:12 Guard Tower
41:12 Guard Tower
41:33 Scout Tower
41:33 Scout Tower
41:34 Scout Tower
41:35 Scout Tower
41:35 Scout Tower
41:42 Guard Tower
41:42 Guard Tower
42:35 Scout Tower
42:39 Lumber Mill
42:41 Scout Tower
42:42 Scout Tower
42:42 Scout Tower
42:42 Scout Tower
42:43 Scout Tower
42:43 Scout Tower
42:43 Scout Tower
42:44 Scout Tower
42:44 Scout Tower
42:45 Scout Tower
42:45 Scout Tower
42:46 Scout Tower
42:47 Scout Tower
42:47 Scout Tower
43:47 Guard Tower
43:47 Guard Tower
43:49 Guard Tower
43:50 Guard Tower
43:51 Guard Tower
43:55 Scout Tower
43:56 Scout Tower
43:56 Scout Tower
43:56 Scout Tower
43:57 Scout Tower
43:58 Scout Tower
43:58 Scout Tower
44:56 Guard Tower
44:58 Guard Tower
45:00 Scout Tower
45:00 Scout Tower
45:01 Scout Tower
45:03 Scout Tower
45:03 Scout Tower
45:06 Scout Tower
45:07 Scout Tower
45:50 Arcane Tower
» items
| Healing Salve | 4 | |
| Lesser Clarity Potion | 2 | |
| Orb of Lightning | 2 | |
| Staff of Teleportation | 2 | |
| Boots of Speed | 1 | |
| Scroll of Town Portal | 2 | |
| Staff of Sanctuary | 1 | |
| Potion of Healing | 1 | |
15 total
TIMG4STRok (
pink | 108 APM | 5139 actions | 47:36)
10 Warden
3 Shadow Strike
3 Blink
3 Fan of Knives
1 Spirit of Vengeance
» actions
| Assign group hotkey | 16 | |
| Basic commands | 50 | |
| Build / train | 84 | |
| ESC pressed | 6 | |
| Enter build submenu | 20 | |
| Enter hero's abilities submenu | 10 | |
| Give item / drop item | 2 | |
| Right click | 3675 | |
| Select / deselect | 275 | |
| Select group hotkey | 619 | |
| Use ability | 382 | |
5139 total
» units
» upgrades
| Nature's Blessing | 1 | |
| Well Spring | 1 | |
| Ultravision | 1 | |
| Strength of the Wild | 3 | |
| Reinforced Hides | 3 | |
9 total
» buildings
| Altar of Elders | 2 | |
| Moon Well | 12 | |
| Tree of Ages | 1 | |
| Tree of Life | 4 | |
| Ancient of Wonders | 1 | |
| Tree of Eternity | 1 | |
| Hunter's Hall | 1 | |
| Ancient of Wind | 2 | |
24 total
» build order
00:07 Altar of Elders
00:13 Moon Well
01:14 Moon Well
06:06 Tree of Ages
06:49 Tree of Life
09:46 Ancient of Wonders
09:47 Tree of Eternity
12:06 Hunter's Hall
12:08 Ancient of Wind
12:13 Moon Well
12:14 Moon Well
12:15 Moon Well
12:16 Moon Well
15:14 Tree of Life
16:12 Moon Well
16:14 Moon Well
16:15 Moon Well
16:16 Moon Well
20:35 Moon Well
20:35 Moon Well
29:01 Tree of Life
29:32 Altar of Elders
29:37 Ancient of Wind
32:19 Tree of Life
» items
| Staff of Teleportation | 1 | |
| Boots of Speed | 1 | |
| Dust of Appearance | 1 | |
| Orb of Venom | 1 | |
| Potion of Healing | 6 | |
| Scroll of Regeneration | 1 | |
| Lesser Clarity Potion | 1 | |
| Anti-magic Potion | 1 | |
13 total
Chat log
(46:13 / All) Birdeneering: nope
(46:15 / All) Birdeneering: noobies
(46:17 / All) Birdeneering: cant expand
(46:31 / All) TIMG4STRok: gg
(47:20 / All) Birdeneering: BYE